 Dungeon Crawl Stone Soup version 0.29-a0-923-g6e406bff71 (webtiles) character file.

Game seed: 1569199173025298105

191 IdlyInterested the Insei (level 5, -8/39 HPs)
             Began as a Demonspawn Wanderer on July 27, 2022.
             Mangled by Pikel
             ... wielding a +1 whip of electrocution
              (9 damage)
             ... on level 4 of the Dungeon.
             The game lasted 00:09:20 (3541 turns).

IdlyInterested the Insei (Demonspawn Wanderer)      Turns: 3541, Time: 00:09:21

Health: -8/39      AC:  7    Str: 12    XL:     5   Next: 41%
Magic:  0/6        EV: 10    Int: 13    God:
Gold:   137        SH:  5    Dex: 15    Spells: 6/6 levels left

rFire   . . .      SeeInvis +   o - +1 whip (elec)
rCold   . . .      Faith    .   c - +0 buckler
rNeg    . . .      Spirit   +   m - +1 robe {Will+}
rPois   .          Reflect  .   h - +2 helmet {SInv}
rElec   .          Harm     .   (no cloak)
rCorr   +          Rampage  .   (no gloves)
Will    +....                   t - +0 pair of boots
Stlth   +.........              r - amulet of guardian spirit
HPRegen 0.13/turn               y - ring of resist corrosion
MPRegen 0.10/turn               (no ring)

@: invisible
A: foul stench 1, sturdy frame 1, weakness stinger 1
a: no special abilities


You were on level 4 of the Dungeon.
You visited 1 branch of the dungeon, and saw 4 of its levels.

You collected 137 gold pieces.

Inventory:

Hand Weapons
 g - a +0 whip of venom
 j - a +0 short sword
 o - a +1 whip of electrocution (weapon)
 x - a +2 dagger of venom
Missiles
 l - a throwing net
 C - 4 poisoned darts
Armour
 c - a +0 buckler (worn)
 e - an orb of guile
 h - a +2 helmet of see invisible (worn)
 m - a +1 robe of willpower (worn)
 s - a +0 ring mail
 t - a +0 pair of boots (worn)
Magical Staves
 p - a staff of poison
Jewellery
 r - an amulet of guardian spirit (around neck)
 y - a ring of resist corrosion (left hand)
Wands
 D - a wand of digging (4)
Scrolls
 d - 3 scrolls of butterflies
 f - 2 scrolls of blinking
 q - a scroll of fear
 u - a scroll of enchant weapon
 v - 2 scrolls of teleportation
Potions
 a - a potion of haste {unknown}
 b - 4 potions of brilliance
 n - a potion of ambrosia


   Skills:
 + Level 2.7 Fighting
 - Level 2.0 Armour
 * Level 2.9 Shields
 - Level 4.0 Unarmed Combat
 - Level 1.0 Spellcasting
 - Level 3.0 Summonings
 - Level 1.0 Evocations


You had 6 spell levels left.
You didn't know any spells.
Your spell library contained the following spells:

 Spells                   Type           Power      Damage    Failure   Level
 Summon Small Mammal      Summ           32%        N/A       11%         1
 Summon Guardian Golem    Hex/Summ       4%         N/A       52%         3


Dungeon Overview and Level Annotations

Branches:
Dungeon (4/15)
 Temple: D:4-7

Altars:
Kikubaaqudgha
Uskayaw
Wu Jian

Annotations:
D:4 Pikel


Innate Abilities, Weirdness & Mutations

You may rarely emit foul miasma when damaged in melee.
Your movements are slightly less encumbered by armour. (ER -2)
You have a small tail.


Message History

The gnoll hits you from afar with a +0 spear!
You miss Pikel.
Your tail-slap misses Pikel.
Pikel is moderately wounded.
Pikel says, "You'll rot in Tartarus!"
Pikel closely misses you. The gnoll barely misses you.
You hit Pikel. Lightning courses through Pikel!
Pikel is severely wounded.
You block Pikel's attack.
You hit Pikel.
Pikel is severely wounded.
Pikel hits you with a +1 whip of electrocution.
You are electrocuted!
* * * LOW HITPOINT WARNING * * *
You feel better.
Pikel hits you with a +1 whip of electrocution.
* * * LOW HITPOINT WARNING * * *
The gnoll hits you from afar with a +4 spear.
* * * LOW HITPOINT WARNING * * *
You fade into invisibility!
Pikel hits you with a +1 whip of electrocution.
* * * LOW HITPOINT WARNING * * *
You block the gnoll's attack.
You closely miss Pikel.
Pikel is severely wounded.
The gnoll closely misses you. Pikel misses you. Pikel closely misses you.
The gnoll hits you from afar with a +4 spear.
* * * LOW HITPOINT WARNING * * *
You closely miss Pikel.
Pikel is severely wounded.
Pikel hits you with a +1 whip of electrocution.
* * * LOW HITPOINT WARNING * * *
You closely miss Pikel. You tail-slap Pikel, but do no damage.
Pikel is severely wounded.
You block Pikel's attack.
You closely miss Pikel.
Pikel is severely wounded.
Pikel hits you with a +1 whip of electrocution.
* * * LOW HITPOINT WARNING * * *
You are electrocuted!
You die...

##########
#...#.....
##...#.##..
.......##.# # #
........##.##.#
...##... ..
#.##.##.#
######@).†...##.# #
#.##..55K###†......#
#.
#......g5g.#########
#.## #...##g.g...#
#...
#...##..##..########
#...
......##...#.....#
#...
.......)...#.....#
##..
.≈≈.._............#
#..
.≈≈.....§≈..#.....#
#..


You could see Pikel (unable to see you), 3 lemures and 3 gnolls.

Vanquished Creatures
  A lemure (D:4)
  A howler monkey (D:4)
  An iguana (D:4)
  6 adders
  A worm (D:2)
  2 dart slugs
  2 orcs (D:4)
  4 bats
  3 endoplasms
  5 giant cockroaches
  8 goblins
  8 hobgoblins
  3 jackals (D:1)
  4 quokkas
  6 ball pythons
  A frilled lizard (D:1)
  3 kobolds
  4 rats
63 creatures vanquished.

Vanquished Creatures (others)
  3 plants (D:1)
  2 withered plants (D:4)
5 creatures vanquished.

Grand Total: 68 creatures vanquished

Notes
Turn   | Place    | Note
-------+----------+-------------------------------------------
     0 | D:1      | IdlyInterested the Demonspawn Wanderer began the quest for
                  | the Orb.
     0 | D:1      | IdlyInterested set off with the following items: a +0
                  | dagger, a potion of brilliance, a +0 buckler, a scroll of
                  | butterflies, a +0 robe, a scroll of blinking; and the
                  | following spell memorised: Summon Small Mammal; and the
                  | following spells available to memorise: Summon Guardian
                  | Golem.
     0 | D:1      | Reached XP level 1. HP: 13/13 MP: 2/2
   196 | D:1      | Reached skill level 1 in Armour
   322 | D:1      | Gained mutation: You have a small tail. [demonic ancestry]
   322 | D:1      | Reached XP level 2. HP: 14/20 MP: 3/3
   606 | D:1      | Reached skill level 1 in Fighting
   794 | D:1      | Found a faded altar of an unknown god.
  1342 | D:2      | Reached XP level 3. HP: 24/26 MP: 4/4
  1631 | D:2      | Reached skill level 4 in Unarmed Combat
  2040 | D:2      | Gained mutation: You may rarely emit foul miasma when
                  | damaged in melee. [demonic ancestry]
  2040 | D:2      | Reached XP level 4. HP: 32/33 MP: 5/5
  2784 | D:3      | Noticed a +0 hand axe
  2785 | D:3      | Noticed a +0 hand axe
  2908 | D:3      | Found a hide-covered altar of Uskayaw.
  3223 | D:4      | Found an ancient bone altar of Kikubaaqudgha.
  3380 | D:4      | Found an ornate altar of the Wu Jian Council.
  3412 | D:4      | Gained mutation: Your movements are slightly less
                  | encumbered by armour. (ER -2) [demonic ancestry]
  3412 | D:4      | Reached XP level 5. HP: 25/39 MP: 3/6
  3509 | D:4      | Noticed a lemure
  3511 | D:4      | Noticed Pikel
  3511 | D:4      | Noticed a lemure
  3511 | D:4      | Noticed a lemure
  3512 | D:4      | Noticed a lemure
  3524 | D:4      | Killed a lemure
  3541 | D:4      | HP: 1/39 [Pikel/+1 whip of electrocution (2)]
  3541 | D:4      | Mangled by Pikel

Illustrated notes

Levels and vault maps discovered:
D:1:      sevenhm_arrival_forest_fort_small_4, layout_loops_ring,
          ebering_ecumenical_altar_mist, serial_bayou_pond_c
D:2:      layout_rooms, eino_tiny_chamber, minmay_misc_feat_tiny
D:3:      layout_loops_corners, dancing_weapons_uskayaw, st_stairs_6,
          minmay_misc_feat_five, kennysheep_generic_room_2
D:4:      layout_loops_cross, mainiacjoe_overflow_large_starburst,
          kiku_gazebo_garden_becter, nicolae_wu_jian_wuxing_cycle, uniq_pikel

Skill      XL: |  1  2  3  4 |
---------------+-------------+-----
Armour         | 1 2 |  2.0
Fighting       | 1 2 |  2.7
Unarmed Combat | 4 |  4.0
Shields        | 2 |  2.9
Spellcasting   | |  1.0
Summonings     | |  3.0
Evocations     | |  1.0

Action                   |  1- 3 |  4- 6 || total
-------------------------+-------+-------++-------
Melee: Short sword       |    85 |       ||    85
       Dagger            |     7 |       ||     7
       Tailslap          |    11 |     8 ||    19
       Whip              |    42 |    98 ||   140
 Cast: Summon Small Mamm |       |     1 ||     1
  Use: Scroll            |     3 |     7 ||    10
       Potion            |     1 |     4 ||     5
 Stab: Sleeping          |       |     1 ||     1
Armor: Leather armour    |    44 |       ||    44
       Robe              |    11 |    35 ||    46
Dodge: Dodged            |    71 |    52 ||   123
Block: Buckler           |    23 |    20 ||    43

Table legend: (Time is in decaauts)
 A = Elapsed time spent in this place.
 B = Non-inter-level travel time spent in this place.
 C = Inter-level travel time spent in this place.
 D = Time resting spent in this place.
 E = Time spent auto-exploring this place.
 F = Levels seen in this place.
 G = Mean time per level.
                   A        B        C        D        E       F      G
               +--------+--------+--------+--------+--------+-----+--------+
         Total |   3589 |   3317 |    272 |    784 |   1770 |   4 |  897.2 |
       Dungeon |   3589 |   3317 |    272 |    784 |   1770 |   4 |  897.2 |
               +--------+--------+--------+--------+--------+-----+--------+

Top non-repeatable levels by time:
     D:1: 1470 daAuts
     D:3: 975 daAuts
     D:2: 774 daAuts
     D:4: 369 daAuts
